 Dungeon Crawl Stone Soup version 0.26-a0-812-g31a745ddcd (webtiles) character file.

Game seed: 11007166766029195982

179 Borgoz the Slasher (level 5, -26/46 HPs)
             Began as a Minotaur Gladiator on Dec 7, 2020.
             Killed from afar by a wretched star (30 damage)
             ... with a lance of force
             ... on level 1 of the Abyss.
             The game lasted 00:03:32 (2477 turns).

Borgoz the Slasher (Minotaur Gladiator)             Turns: 2477, Time: 00:03:33

Health: -26/46     AC:  3    Str: 19    XL:     5   Next: 33%
Magic:  0/4        EV: 11    Int:  5    God:
Gold:   147        SH:  0    Dex:  8    Spells: 4/4 levels left

rFire    . . .     SeeInvis .   a - +0 long sword
rCold    . . .     Faith    .   (no shield)
rNeg     . . .     Spirit   +   p - +0 scale mail
rPois    .         Reflect  .   c - +0 hat
rElec    .         Harm     .   (no cloak)
rCorr    .         Rampage  .   (no gloves)
MR       .....                  (no boots)
Stlth    +.........             m - amulet of guardian spirit
HPRegen  0.15/turn              o - ring of stealth
MPRegen  0.09/turn              (no ring)

@: no status effects
A: retaliatory headbutt, horns 2, [blurry vision 2], [clumsy 2], [deformed body]
a: no special abilities


You were on level 1 of the Abyss.
You visited 1 branch of the dungeon, and saw 3 of its levels.
You visited the Abyss 1 time.

You collected 147 gold pieces.

Inventory:

Hand Weapons
 a - a +0 long sword (weapon)
 b - a +2 dagger of venom
Missiles
 d - 3 throwing nets (quivered)
Armour
 c - a +0 hat (worn)
 p - a +0 scale mail (worn)
Jewellery
 m - an amulet of guardian spirit (around neck)
 o - a ring of stealth (left hand)
Wands
 h - a wand of random effects (14)
Scrolls
 e - 3 scrolls of remove curse
 i - a scroll of enchant armour
Potions
 f - a potion of curing
 g - a potion of berserk rage
 k - 2 potions of haste
 l - a potion of cancellation {unknown}
 n - 2 potions of brilliance {unknown}


   Skills:
 + Level 3.9 Fighting
 + Level 4.8 Long Blades
 - Level 2.0 Throwing
 + Level 2.8 Armour
 + Level 4.3 Dodging


You had 4 spell levels left.
You didn't know any spells.
Your spell library was empty.

Dungeon Overview and Level Annotations

Branches:
Dungeon (3/15)

Altars:
Trog
Xom
Beogh


Innate Abilities, Weirdness & Mutations

You reflexively headbutt those who attack you in melee.
You have a pair of horns on your head.
[Scrolls take you longer to read.]
[You are very clumsy. (Dex -4)]
[Armour fits poorly on your strangely shaped body.]


Message History

The wretched star is lightly damaged.
The wretched star pulses with an eldritch light!
Your body twists and deforms.
Your vision blurs. x2
You barely miss the wretched star.
You headbutt the wretched star, but do no damage.
The wretched star is lightly damaged.
The wretched star pulses with an eldritch light!
You feel clumsy. x2
You hit the wretched star but do no damage.
The wretched star is lightly damaged.
The wretched star glows turbulently.
The lance of force hits you!!
Ouch! That really hurt!
You are knocked back by the lance of force.
You slam into the stone wall!
* * * LOW HITPOINT WARNING * * *
The wretched star glows turbulently.
The lance of force hits you!!
Ouch! That really hurt!
You die...

....#..#.##..
##.....###.###
## . .#
#..#..##.#
#.#.##
#....#..#
#########..
...#
#.......#..##
###..##.#.#.#
#...# ##.# .#
..## #@.# . .
#*## .#. ## ##


You could see a wretched star.

Vanquished Creatures
  The ghost of kae the Ruffian, a weakling DrTm (D:3)
  A worker ant (D:3)
  3 adders (D:2)
  2 worms
  A dart slug (D:2)
  A leopard gecko (D:3)
  9 orcs (D:3)
  9 giant cockroaches
  10 goblins
  4 hobgoblins
  4 jackals (D:2)
  2 quokkas
  A ball python (D:1)
  4 bats
  A frilled lizard (D:1)
  7 kobolds
  6 rats
66 creatures vanquished.

Notes
Turn   | Place    | Note
-------+----------+-------------------------------------------
     0 | D:1      | Borgoz the Minotaur Gladiator began the quest for the Orb.
     0 | D:1      | Reached XP level 1. HP: 18/18 MP: 0/0
   266 | D:1      | Reached XP level 2. HP: 25/25 MP: 1/1
   560 | D:1      | Reached skill level 1 in Armour
   824 | D:2      | Reached XP level 3. HP: 17/31 MP: 2/2
  1538 | D:2      | Reached XP level 4. HP: 38/38 MP: 3/3
  1637 | D:2      | Found a shimmering altar of Xom.
  1775 | D:3      | Identified the +1 ring mail of Vexation {rF++ Dex+2}
  1857 | D:3      | Found a bloodstained altar of Trog.
  2268 | D:3      | Found a runed translucent gate.
  2268 | D:3      | Found a runed translucent gate.
  2270 | D:3      | Found a runed translucent gate.
  2271 | D:3      | Noticed kae's ghost (weakling DrTm)
  2272 | D:3      | Found a roughly hewn altar of Beogh.
  2295 | D:3      | Reached XP level 5. HP: 40/46 MP: 4/4
  2308 | D:3      | Killed kae's ghost
  2311 | D:3      | Cast into level 1 of the Abyss (orc)
  2474 | Abyss:1  | Noticed a wretched star
  2477 | Abyss:1  | Killed from afar by a wretched star

Illustrated notes

Levels and vault maps discovered:
D:1:      minmay_arrival_doors, layout_basic
D:2:      layout_loops_ring, xom_butterflies
D:3:      layout_rooms, bloody_trog, nicolae_overflow_hidden_temple,
          biasface_ghost_orc_armoury, kennysheep_generic_room_14
Abyss:1:  base:
D:3

Skill      XL: |  1  2  3  4 |
---------------+-------------+-----
Armour         | 1 2 |  2.8
Long Blades    | 4 |  4.8
Fighting       | 3 |  3.9
Dodging        | 4 |  4.3
Throwing       | |  2.0

Action                   |  1- 3 |  4- 6 || total
-------------------------+-------+-------++-------
Melee: Long sword        |    81 |    67 ||   148
       Headbutt          |    14 |    12 ||    26
  Use: Scroll            |     6 |     1 ||     7
 Stab: Sleeping          |     1 |       ||     1
       Distracted        |       |     1 ||     1
Armor: Leather armour    |     1 |       ||     1
       Plate armour      |    52 |    24 ||    76
       Scale mail        |       |    12 ||    12
Dodge: Dodged            |    31 |    30 ||    61
       Rpst.: Long sword |    12 |     9 ||    21

Table legend: (Time is in decaauts)
 A = Elapsed time spent in this place.
 B = Non-inter-level travel time spent in this place.
 C = Inter-level travel time spent in this place.
 D = Time resting spent in this place.
 E = Time spent auto-exploring this place.
 F = Levels seen in this place.
 G = Mean time per level.
                   A        B        C        D        E       F      G
               +--------+--------+--------+--------+--------+-----+--------+
         Total |   2501 |   2401 |    100 |    396 |   1544 |   4 |  625.2 |
       Dungeon |   2335 |   2235 |    100 |    298 |   1544 |   3 |  778.3 |
         Abyss |    166 |    166 |      0 |     98 |      0 |   1 |  166.0 |
               +--------+--------+--------+--------+--------+-----+--------+

Top non-repeatable levels by time:
     D:1: 972 daAuts
     D:2: 777 daAuts
     D:3: 585 daAuts
 Abyss:1: 166 daAuts
